Map: 失而复得-天梯版

Players

PtitDrogo - Winner!

  • Race: Protoss Protoss
  • Spawn Location: 7:00

Cloudy

  • Race: Protoss Protoss
  • Spawn Location: 1:00

Event: WCS Valencia 2018

VOD

Have the link to the VOD?

Description

Time

  • Played on: July 12, 2018, 1:23 p.m.
  • Length: 8:07

All games in this series

Show
View Real Time Build Order
Export as new Build Order

PtitDrogo Protoss - Winner!

Build Orders:  

Get SALT Encoding   

  12  0:00  Probe  
  13  0:13  Probe  
  14  0:16  Pylon  
  14  0:24  Probe  
  15  0:32  Probe  
  15  0:38  Gateway  
  15  0:40  Probe  
  16  0:45  Assimilator  
  17  0:51  Probe  
  18  0:58  Assimilator  
  18  0:59  Probe  
  19  1:07  Probe  
  19  1:10  Gateway  
  19  1:17  Probe  
  21  1:26  Cybernetics Core  
  21  1:29  Probe  
  22  1:34  Pylon  
  22  1:41  Probe  
  23  1:49  Warp Gate  
  23  1:54  Probe  
  24  2:03  Stalker x2  
  28  2:11  Pylon  
  28  2:32  Stalker  
  28  2:33  Stalker  
  32  2:45  Gateway x2  
  32  3:02  Stalker  
  32  3:03  Stalker  
  36  3:14  Shield Battery  
  36  3:19  Pylon  
  36  3:26  Shield Battery  
  36  3:40  Pylon  
  36  3:52  Stalker x4  
  44  4:15  Stalker x3  
  44  4:16  Sentry  
  49  4:44  Stalker x2  
  49  4:45  Stalker x2  
  43  5:07  Sentry  
  43  5:09  Sentry, Zealot  
  43  5:10  Zealot  
  47  5:34  Adept  
  49  5:36  Nexus  
  49  5:43  Shield Battery  
  49  5:49  Pylon  
  49  5:52  Probe  
  50  6:03  Sentry x2  
  54  6:05  Pylon  
  52  6:19  Stalker x2  
  56  6:26  Probe  
  57  6:33  Stalker  
  59  6:45  Shield Battery, Stalker  
  59  7:00  Sentry, Zealot x2  
  65  7:14  Stalker  
  67  7:24  Adept x3  
  69  7:37  Stalker  
  71  7:50  Stalker x2  
  55  8:02  Stalker  
  55  8:03  Stalker  
Show
View Real Time Build Order
Export as new Build Order

Cloudy Protoss 

Build Orders:  

Get SALT Encoding   

  12  0:01  Probe  
  13  0:13  Probe  
  14  0:22  Pylon  
  14  0:25  Probe  
  15  0:36  Probe  
  15  0:40  Gateway  
  16  0:44  Probe  
  16  0:47  Assimilator  
  17  0:54  Probe, Assimilator  
  18  1:03  Probe  
  19  1:12  Probe  
  19  1:13  Gateway  
  20  1:23  Probe  
  21  1:27  Cybernetics Core  
  21  1:35  Probe  
  21  1:38  Pylon  
  22  1:47  Probe  
  23  1:54  Warp Gate  
  23  1:59  Probe  
  24  2:05  Stalker  
  24  2:06  Sentry  
  28  2:13  Pylon  
  28  2:27  Pylon  
  28  2:30  Robotics Facility  
  28  2:37  Stalker  
  28  2:42  Stalker  
  32  3:11  Nexus  
  32  3:15  Sentry  
  32  3:18  Stalker  
  36  3:25  Immortal  
  39  3:41  Pylon  
  39  3:55  Pylon  
  39  4:00  Stalker  
  41  4:05  Stalker  
  41  4:09  Immortal  
  45  4:25  Sentry  
  47  4:34  Shield Battery  
  47  4:43  Stalker  
  41  4:49  Stalker  
  39  4:57  Warp Prism  
  39  5:17  Sentry  
  39  5:19  Stalker  
  39  5:26  Gateway  
  38  5:28  Immortal  
  42  5:43  Pylon  
  42  5:59  Adept x2  
  45  6:20  Sentry  
  45  6:21  Stalker  
  49  6:40  Stalker  
  49  6:43  Pylon  
  51  6:47  Stalker x2  
  55  7:05  Probe  
  56  7:12  Stalker x3  
  62  7:18  Pylon  
  58  7:38  Stalker x2  
  62  7:45  Stalker  
Tags
 
Add a new tag
Caveats
  • Supply blocks, unpowered buildings, or Contaminate may cause inaccurate times.
  • Supply counts are checked every 10 seconds.